 Dungeon Crawl Stone Soup version 0.18.1-48-g4cf74bf (webtiles) character file.

3719 rjaguar3 the Basher (level 9, -2/85 HPs)
             Began as a Minotaur Berserker on July 8, 2016.
             Was a Priest of Trog.
             Killed from afar by an orc wizard (7 damage)
             ... with a puff of flame
             ... on level 8 of the Dungeon.
             The game lasted 00:23:50 (7009 turns).

rjaguar3 the Basher (Minotaur Berserker)            Turns: 7009, Time: 00:23:51

Health: -2/85      AC: 10    Str: 22    XL:     9   Next: 92%
Magic:  8/8        EV: 20    Int:  4    God:    Trog [***...]
Gold:   522        SH:  0    Dex: 13    Spells: 0 memorised, 8 levels left

rFire  . . .     SeeInvis .     S - +0 flail (holy)
rCold  . . .     Gourm    .     n - +1 robe {Archmagi}
rNeg   . . .     Faith    .     (no shield)
rPois  .         Spirit   .     (helmet restricted)
rElec  .         Dismiss  .     z - +0 cloak
rCorr  .         Reflect  .     f - +2 pair of gloves
SustAt .         Harm     .     C - +2 pair of boots {Fly}
MR     .....                    (no amulet)
Stlth  +.........               A - +3 ring of evasion
                                (no ring)

@: lethally poisoned (-2 -> -4), exhausted, flying, slowed, very slow, not
resistant to hostile enchantments, very unstealthy
A: retaliatory headbutt, horns 2
a: Berserk, Trog's Hand, Burn Spellbooks, Renounce Religion, Stop Flying


You were on level 8 of the Dungeon.
You worshipped Trog.
Trog was most pleased with you.
You were very hungry.

You visited 1 branch of the dungeon, and saw 8 of its levels.

You collected 522 gold pieces.

Inventory:

Hand Weapons
 v - a +0 hunting sling
 S - a +0 flail of holy wrath (weapon)
Missiles
 g - 9 tomahawks (quivered)
 k - 116 stones
 T - 33 sling bullets
Armour
 f - a +2 pair of gloves (worn)
 n - a +1 robe of the Archmagi (worn)
 z - a +0 cloak (worn)
 C - a +2 pair of boots of flying (worn)
Jewellery
 a - an uncursed ring of resist corrosion {unknown}
 j - an uncursed amulet of faith
 t - an uncursed ring of fire
 w - the ring "Enuer" {*Tele rN+ Str+4}
   (You found it on level 5 of the Dungeon)

   [ring of teleportation]

   It may teleport you next to monsters.
   It affects your strength (+4).
   It protects you from negative energy.
 A - a +3 ring of evasion (right hand)
 D - an uncursed amulet of harm
 H - an uncursed ring of protection from fire {unknown}
 R - an uncursed amulet of rage
Wands
 b - a wand of confusion (11/48)
 o - a wand of random effects (14/48)
 r - a wand of enslavement (9/24)
 x - a wand of flame (35/48)
 y - a wand of iceblast (11/15)
 B - a wand of acid (9/15)
Scrolls
 d - 2 scrolls of teleportation
 e - 2 scrolls of remove curse
 i - 2 scrolls of enchant weapon {unknown}
 l - 2 scrolls of fog {unknown}
 q - 3 scrolls of enchant armour
 s - 5 scrolls of identify {unknown}
 E - 2 scrolls of recharging {unknown}
 P - 2 scrolls of immolation {unknown}
 Q - 2 scrolls of vulnerability {unknown}
Potions
 h - 5 potions of heal wounds
 m - 3 potions of curing
 p - 2 potions of agility {unknown}
 F - a potion of brilliance {unknown}
 I - a potion of haste {unknown}
 J - a potion of ambrosia {unknown}
 O - a potion of beneficial mutation {unknown}
Books
 L - Vehumet's Handbook of Conjuration
   (You found it on level 4 of the Dungeon)

   Spells                             Type                      Level
   a - Magic Dart                     Conjuration                  1
   Trog disapproves of the use of such an item.
Comestibles
 c - 3 bread rations
 u - 4 meat rations
 G - a royal jelly
 K - 3 fruits
 M - a beef jerky


   Skills:
 * Level 9.8 Fighting
 * Level 10.8 Maces & Flails
 + Level 1.7 Throwing
 + Level 2.7 Armour
 + Level 9.1 Dodging


You had 8 spell levels left.
You didn't know any spells.

Dungeon Overview and Level Annotations

Branches:
Dungeon (8/15)             Temple (0/1) D:6
   Lair: D:8-11

Altars:
Gozag
Kikubaaqudgha
Nemelex Xobeh
Okawaru
Qazlal
Ru
Sif Muna
Trog
Vehumet

Shops:
D:6 (


Innate Abilities, Weirdness & Mutations

You reflexively headbutt those who attack you in melee.
You have a pair of horns on your head.


Message History

You are feeling very hungry.
The orc wizard mumbles some strange words.
The orc wizard flickers and vanishes!
Deactivating autopickup; reactivate with Ctrl-A.
Your surroundings suddenly seem different.
A worker ant comes into view.
The worker ant twitches its antennae in your direction.
Found a potion of heal wounds.
A scorpion comes into view.
The worker ant misses you. You furiously retaliate!
You headbutt the worker ant. The worker ant bites you.
* * * LOW HITPOINT WARNING * * *
You are poisoned.
The worker ant poisons you!
You feel sick.
You hear a shout!
A puff of flame appears from out of thin air!
The puff of flame hits you!
You die...

#.# ####### #.#
....... #.# .......
#.# ....... # #.#
....... #. #.#
....... #####
#..##.##.......
....#
#...@a.......s!
....#
#...#.##.......
....# #...#.#
#######
....#########.#.#.#
..............#.#.#
[.................#
...........(......#
####....(...(....>.
#........(.)...#


You could see a worker ant.

Vanquished Creatures
  The ghost of raikaria the Gusty, a novice DrVM (D:6)
  Pikel (D:4)
  A troll (D:6)
  A hungry ghost (D:8)
  2 wargs (D:8)
  A sky beast (D:8)
  2 slaves (D:5)
  4 orc warriors
  5 ogres
  A centaur (D:7)
  2 giant frogs (D:6)
  A water moccasin skeleton (D:7)
  3 scorpions
  3 crimson imps (D:7)
  3 jellies
  3 hounds
  A centaur skeleton (D:3)
  Crazy Yiuf (D:4)
  4 orc priests
  5 orc wizards
  6 worker ants
  Robin (D:4)
  2 howler monkey skeletons
  6 adders
  3 shadow imps
  An ooze (D:4)
  An adder skeleton (D:7)
  3 worms
  7 dart slugs
  3 giant geckos
  27 orcs
  5 giant cockroaches
  11 goblins
  10 hobgoblins
  10 jackals
  9 kobolds
  6 quokkas
  A ball python (D:1)
  10 bats
  6 giant newts
  A quokka skeleton (D:5)
  8 rats
182 creatures vanquished.

Notes
Turn   | Place    | Note
--------------------------------------------------------------
     0 | D:1      | rjaguar3 the Minotaur Berserker began the quest for the Orb.
     0 | D:1      | Reached XP level 1. HP: 19/19 MP: 0/0
   113 | D:1      | Reached XP level 2. HP: 27/27 MP: 1/1
   562 | D:1      | Reached XP level 3. HP: 22/33 MP: 2/2
   736 | D:1      | Reached skill level 4 in Maces & Flails
   920 | D:2      | Found an iron altar of Okawaru.
   971 | D:2      | Reached ** piety under Trog
  1054 | D:2      | Found an opulent altar of Gozag.
  1091 | D:2      | Found an iron altar of Okawaru.
  1293 | D:2      | Reached XP level 4. HP: 30/41 MP: 3/3
  1717 | D:2      | Found a bloodstained altar of Trog.
  1934 | D:3      | Reached skill level 5 in Fighting
  1934 | D:3      | Reached skill level 5 in Maces & Flails
  2153 | D:3      | You fall through a shaft for 2 floors!
  2153 | D:5      | Entered Level 5 of the Dungeon
  2190 | D:5      | Noticed an ogre
  2196 | D:5      | Killed an ogre
  2196 | D:5      | Reached XP level 5. HP: 48/48 MP: 4/4
  2285 | D:5      | Reached XP level 6. HP: 10/56 MP: 5/5
  2432 | D:5      | Got a pitted ivory ring
  2473 | D:5      | Reached skill level 6 in Maces & Flails
  2868 | D:3      | Reached *** piety under Trog
  2907 | D:3      | Found a sparkling altar of Nemelex Xobeh.
  3291 | D:3      | Identified the ring "Enuer" {*Tele rN+ Str+4} (You found it on level 5 of the Dungeon)
  3393 | D:4      | Noticed a slave
  3631 | D:5      | Reached XP level 7. HP: 64/64 MP: 6/6
  3971 | D:5      | Reached skill level 5 in Dodging
  4181 | D:5      | Reached skill level 7 in Maces & Flails
  4307 | D:6      | Noticed raikaria's ghost (novice DrVM)
  4322 | D:5      | HP: 2/64 [poisoned by raikaria's ghost (sting)]
  4544 | D:4      | Noticed Pikel
  4626 | D:4      | Killed Pikel
  4626 | D:4      | Reached XP level 8. HP: 73/73 MP: 7/7
  4885 | D:4      | Reached skill level 8 in Maces & Flails
  4940 | D:4      | Found a stormy altar of Qazlal.
  5086 | D:4      | Found a radiant altar of Vehumet.
  5088 | D:4      | Found an ancient bone altar of Kikubaaqudgha.
  5091 | D:4      | Found a deep blue altar of Sif Muna.
  5097 | D:4      | Identified Vehumet's Handbook of Conjuration
  5304 | D:4      | Noticed Crazy Yiuf
  5310 | D:4      | Noticed Robin
  5315 | D:4      | Killed Robin
  5323 | D:4      | Killed Crazy Yiuf
  5590 | D:6      | Found Athaj's Antique Weapon Emporium.
  5611 | D:6      | Noticed a troll
  5619 | D:6      | Killed a troll
  5720 | D:6      | Reached skill level 9 in Maces & Flails
  5787 | D:6      | Found a staircase to the Ecumenical Temple.
  5859 | D:6      | Reached XP level 9. HP: 80/82 MP: 8/8
  5867 | D:6      | Killed raikaria's ghost
  5933 | D:6      | Reached skill level 1 in Throwing
  6563 | D:7      | Found a sacrificial altar of Ru.
  6651 | D:8      | Reached skill level 10 in Maces & Flails
  6995 | D:8      | HP: 3/85 [orc priest/divine providence (11)]
  7009 | D:8      | Killed from afar by an orc wizard

Skill      XL: |  1  2  3  4  5  6  7  8  9 |
---------------+----------------------------+-----
Fighting       | 4 5 6 7 8 9 |  9.8
Maces & Flails | 4 5 6 7 9 10 | 10.8
Dodging        | 3 4 6 7 9 |  9.1
Throwing       | 1 |  1.7
Armour         | |  2.7

Action                   |  1- 3 |  4- 6 |  7- 9 || total
-------------------------+-------+-------+-------++-------
Melee: Mace              |    78 |    85 |   109 ||   272
       Headbutt          |    10 |     5 |    47 ||    62
       Flail             |       |       |   107 ||   107
Throw: Tomahawk          |       |       |    11 ||    11
Invok: Berserk           |     5 |     5 |    10 ||    20
       Trog's Hand       |       |     2 |     4 ||     6
  Use: Scroll            |       |     4 |     3 ||     7
       Potion            |       |       |     2 ||     2
 Stab: Sleeping          |     1 |     3 |     3 ||     7
  Eat: Chunk             |     7 |     6 |    20 ||    33
       Beef jerky        |       |     2 |       ||     2
       Bread ration      |       |     1 |       ||     1
Armor: Animal skin       |    17 |    12 |    17 ||    46
       Robe              |       |       |    25 ||    25
Dodge: Dodged            |    56 |    62 |   175 ||   293
